 Adventure DCSS version bcrawl-1.23.1 (webtiles) character file.

Game seed: 16281314924492556307

1519 funkygono the Basher (level 8, -23/74 HPs)
             Began as a Minotaur Fighter on May 26, 2020.
             Was a Priest of Okawaru.
             Killed from afar by Harold (31 damage)
             ... with a bolt of fire
             ... on level 8 of the Dungeon on May 27, 2020.
             The game lasted 00:15:30 (6917 turns).

funkygono the Basher (Minotaur Fighter)             Turns: 6917, Time: 00:15:31

Health: -23/74     AC: 13    Str: 26    XL:     8   Next: 54%
Magic:  7/7        EV:  1    Int:  5    God:    Okawaru [***...]
Gold:   562        SH: 19    Dex: 10    Spells: 7/7 levels left
                                        Lives:  0   Deaths: 2

rFire    . . .     SeeInvis .   a - +0 flail
rCold    . . .     Gourm    .   s - +1 large shield
rNeg     . . .     Faith    .   f - +0 plate armour
rPois    .         Spirit   .   (helmet restricted)
rElec    .         Reflect  .   (no cloak)
rCorr    .         Harm     .   (no gloves)
MR       .....                  (no boots)
Stlth    ..........             r - amulet of regeneration
HPRegen  0.43/turn              b - +2 ring of strength
MPRegen  0.10/turn              (no ring)

@: no status effects
A: retaliatory headbutt, horns 2
a: Heroism, Renounce Religion


You were on level 8 of the Dungeon.
You worshipped Okawaru.
Okawaru was most pleased with you.
You were not hungry.

You visited 2 branches of the dungeon, and saw 9 of its levels.

You collected 562 gold pieces.

Inventory:

Hand Weapons
 a - a +0 flail (weapon)
 v - a +0 hunting sling
Missiles
 g - 670 arrows
 i - 1202 stones (quivered)
 m - 659 bolts
 w - 397 sling bullets
 D - 2 throwing nets {!f}
Armour
 f - a +0 plate armour (worn)
 s - a +1 large shield (worn)
 y - a +3 ring mail
Jewellery
 b - a +2 ring of strength (left hand)
 r - an amulet of regeneration (around neck)
Wands
 h - a wand of acid (3)
 p - a wand of random effects (3)
 G - a wand of digging (7)
Scrolls
 c - 3 scrolls of enchant armour
 k - 4 scrolls of remove curse
 n - a scroll of blinking
 o - 4 scrolls of teleportation
 q - 3 scrolls of amnesia
 t - a scroll of magic mapping
 x - a scroll of immolation
 F - a scroll of fear {unknown}
Potions
 d - 2 potions of might
 j - 2 potions of curing
 l - 2 potions of haste
 u - 3 potions of agility
 z - 2 potions of cancellation
 A - a potion of resistance
 B - a potion of invisibility
 C - a potion of brilliance {unknown}
 E - a potion of degeneration {unknown}
Comestibles
 e - 5 rations {!d}


   Skills:
 + Level 7.9 Fighting
 + Level 10.6 Maces & Flails
 + Level 7.9 Armour
 + Level 1.4 Dodging
 + Level 0.3 Stealth
 + Level 10.1 Shields
 + Level 0.5 Invocations
 + Level 1.0 Evocations


You had 7 spell levels left.
You didn't know any spells.
Your spell library was empty.

Dungeon Overview and Level Annotations

Branches:
Dungeon (8/12)             Temple (1/1) D:6            Lair (0/6) D:7
    Orc: D:8-11

Altars:
Ashenzari
Cheibriados
Dithmenos
Elyvilon
Fedhas
Gozag
Hepliaklqana
Kikubaaqudgha
Makhleb
Nemelex Xobeh
Okawaru
Qazlal
Ru
Sif Muna
Uskayaw
Vehumet
Xom
Yredelemnul
Zin
The Shining One

Annotations:
D:8 Harold


Innate Abilities, Weirdness & Mutations

You reflexively headbutt those who attack you in melee.
You have a pair of horns on your head.


Message History

You hit Harold.
Harold is heavily wounded.
Harold blocks your attack.
You headbutt Harold!
Harold is severely wounded.
Harold hits you with a +0 trident of freezing!
Harold freezes you.
Your shield and plate armour prevent you from hitting Harold.
You headbutt Harold!
Harold is almost dead.
Harold casts a spell at you. The bolt of fire hits you!!
* * * LOW HITPOINT WARNING * * *
You block Harold's attack. Harold blocks your attack.
Your headbutt misses Harold.
Harold is almost dead.
Harold is no longer covered in acid.
Harold looks eager to get this over with.
Harold gestures at you while chanting. The bolt of fire hits you!!
You die...

..######## . .#......#
.. .......# #########
...#......# ........#
.........> ........#
......=.. ........#
........##............#
#@# ............## #@#
#.##.######...
#.###.##...# #.#.
#......#...# #.#.
#..........# #.#.
#..........# #.#.
#..........# #.##
#.......#..####.#
#.......#.......#
#......###..#####


You could see Harold.

Vanquished Creatures
  3 death yaks (D:7)
  Grinder (D:3)
  A hippogriff (D:8)
  2 yaks (D:7)
  An ice beast (D:7)
  A sky beast (D:6)
  2 ogres (D:4)
  A necrophage (D:7)
  A big kobold (D:5)
  A bullfrog (D:6)
  A scorpion (D:6)
  A killer bee (D:7)
  3 crimson imps
  3 bullfrog zombies (D:5)
  4 hounds
  A jelly (D:6)
  2 orc priests (D:4)
  A bullfrog skeleton (D:6)
  2 centaur skeletons
  5 worker ants
  4 orc wizards
  A hound skeleton (D:5)
  A worker ant zombie (D:6)
  Robin (D:2)
  4 adders
  3 gnolls (D:4)
  3 oozes
  2 adder zombies
  7 worms
  2 dart slugs (D:1)
  11 leopard geckos
  19 orcs
  5 bats
  3 giant cockroaches
  12 goblins
  13 hobgoblins
  2 jackals (D:2)
  3 quokkas
  A ball python (D:6)
  4 frilled lizards
  10 kobolds
  A quokka zombie (D:6)
  10 rats
  A plant (D:5)
160 creatures vanquished.

Vanquished Creatures (others)
  A hobgoblin (D:2)
1 creature vanquished.

Grand Total: 161 creatures vanquished

Notes
Turn   | Place    | Note
-------+----------+-------------------------------------------
     0 | D:1      | funkygono the Minotaur Fighter began the quest for the Orb.
     0 | D:1      | Reached XP level 1. HP: 19/19 MP: 0/0
   202 | D:1      | Reached XP level 2. HP: 21/27 MP: 1/1
   494 | D:1      | Reached XP level 3. HP: 30/33 MP: 2/2
  1318 | D:2      | Noticed Robin
  1324 | D:2      | Reached XP level 4. HP: 40/40 MP: 3/3
  1364 | D:2      | Killed Robin
  1744 | D:2      | Found a blossoming altar of Fedhas.
  2325 | D:3      | Reached XP level 5. HP: 47/47 MP: 4/4
  2542 | D:3      | Noticed Grinder
  2563 | D:3      | Paralysed by Grinder for 3 turns
  2570 | D:3      | Reached skill level 5 in Fighting
  2578 | D:3      | Killed Grinder
  2578 | D:3      | Reached skill level 5 in Maces & Flails
  2578 | D:3      | Reached skill level 5 in Armour
  2578 | D:3      | Reached skill level 5 in Shields
  2578 | D:3      | Reached XP level 6. HP: 30/56 MP: 5/5
  2696 | D:3      | Found an ancient bone altar of Kikubaaqudgha.
  2775 | D:3      | Found a sacrificial altar of Ru.
  3006 | D:4      | Found a white marble altar of Elyvilon.
  3067 | D:4      | Reached XP level 7. HP: 21/62 MP: 6/6
  4073 | D:5      | Entered Level 5 of the Dungeon
  4148 | D:5      | Noticed a +0 dagger
  4148 | D:5      | Noticed a +0 dagger
  4149 | D:5      | Found a hide-covered altar of Uskayaw.
  4226 | D:5      | Reached XP level 8. HP: 63/70 MP: 7/7
  5061 | D:6      | Found a staircase to the Ecumenical Temple.
  5067 | Temple   | Entered the Ecumenical Temple
  5212 | Temple   | Became a worshipper of Warmaster Okawaru
  6008 | D:7      | Found a shimmering blue altar of Sif Muna.
  6140 | D:7      | Noticed a death yak
  6143 | D:7      | Noticed a death yak
  6146 | D:7      | Noticed a death yak
  6164 | D:7      | Killed a death yak
  6164 | D:7      | Reached * piety under Okawaru
  6164 | D:7      | Reached skill level 1 in Dodging
  6164 | D:7      | Reached XP level 9. HP: 21/78 MP: 8/8
  6165 | D:7      | HP: 3/78 [death yak (15)]
  6172 | D:7      | Killed a death yak
  6172 | D:7      | Reached ** piety under Okawaru
  6172 | D:7      | Reached skill level 10 in Maces & Flails
  6174 | D:7      | HP: 3/79 [death yak (8)]
  6176 | D:7      | Mangled by a death yak
  6177 | D:7      | Reached XP level 8. HP: -8/73 MP: 6/7
  6235 | D:7      | Killed a death yak
  6235 | D:7      | Reached *** piety under Okawaru
  6235 | D:7      | Reached skill level 10 in Shields
  6235 | D:7      | Reached skill level 1 in Evocations
  6235 | D:7      | Reached XP level 9. HP: 11/79 MP: 5/8
  6243 | D:7      | HP: 4/80 [yak (10)]
  6246 | D:7      | Slain by a yak
  6247 | D:7      | Found a staircase to the Lair.
  6247 | D:7      | Reached XP level 8. HP: -2/74 MP: 7/7
  6276 | D:7      | Found a snail-covered altar of Cheibriados.
  6871 | D:8      | Noticed a hippogriff
  6881 | D:8      | Killed a hippogriff
  6892 | D:8      | Noticed Harold
  6917 | D:8      | Killed from afar by Harold

Skill      XL: |  1  2  3  4  5  6  7  8  9 |
---------------+----------------------------+-----
Armour         | 4 5 6 7 |  7.9
Fighting       | 4 5 6 7 |  7.9
Shields        | 4 5 6 10 9 | 10.1
Maces & Flails | 3 5 6 9 10 | 10.6
Dodging        | 1 |  1.4
Evocations     | 1 |  1.0
Stealth        | |  0.3
Invocations    | |  0.5

Action                   |  1- 3 |  4- 6 |  7- 9 || total
-------------------------+-------+-------+-------++-------
Melee: Flail             |   156 |   163 |   359 ||   678
       Headbutt          |    21 |    29 |    73 ||   123
Invok: Heroism           |       |       |     2 ||     2
Evoke: Wand              |       |       |     8 ||     8
  Use: Scroll            |     3 |     6 |     7 ||    16
       Potion            |       |     1 |     4 ||     5
  Eat: Chunk             |     2 |     5 |     4 ||    11
       Ration            |       |       |     2 ||     2
Armor: Scale mail        |    50 |       |       ||    50
       Plate armour      |    71 |   101 |   155 ||   327
Dodge: Dodged            |    26 |    21 |    14 ||    61
Block: Medium shield     |    87 |   102 |    52 ||   241
       Large shield      |       |       |   205 ||   205
